 Dungeon Crawl Stone Soup version 0.24.1-14-gf8d2b509d9 (webtiles) character file.

Game seed: 794799636486150895, levelgen mode: deterministic

528 mortelune the Changer (level 7, -2/46 HPs)
             Began as an Octopode Transmuter on May 19, 2020.
             Slain by a water moccasin (8 damage)
             ... on level 7 of the Dungeon.
             The game lasted 00:13:33 (6241 turns).

mortelune the Changer (Octopode Transmuter)         Turns: 6241, Time: 00:13:33

Health: -2/46      AC:  2    Str:  9    XL:     7   Next: 23%
Magic:  16/22      EV: 19    Int: 18    God:
Gold:   293        SH:  0    Dex: 17    Spells: 4/14 levels left

rFire    . . .     SeeInvis .     - Unarmed
rCold    . . .     Gourm    .   (shield currently unavailable)
rNeg     . . .     Faith    .   (helmet currently unavailable)
rPois    x         Spirit   .   (no amulet)
rElec    .         Reflect  .   u - ring of magical power
rCorr    .         Harm     .   (no ring)
MR       .....                  (no ring)
Stlth    ++........             (no ring)
HPRegen  0.15/turn              (no ring)
MPRegen  0.18/turn              (no ring)
                                (no ring)
                                (no ring)

@: spider-form (expiring), very slightly contaminated, invisible
A: tiny, almost no armour, stealthy swim, (amphibious), 8 rings, (constrict 8)
a: End Transformation


You were on level 7 of the Dungeon.
You were hungry.
You were a venomous arachnid creature.
You visited 2 branches of the dungeon, and saw 7 of its levels.

You collected 293 gold pieces.

Inventory:

Missiles
 h - 60 arrows
 Q - 186 stones (quivered)
Jewellery
 u - a ring of magical power (left front leg)
Scrolls
 b - 2 scrolls of remove curse
 d - a scroll of immolation
 e - a scroll of fear
 i - 2 scrolls of identify
 t - 4 scrolls of teleportation
 B - a scroll of blinking
Potions
 a - a potion of mutation
 f - a potion of resistance {unknown}
 j - 2 potions of cancellation
 l - a potion of might
 n - 2 potions of agility
 r - a potion of flight
 v - a potion of haste
Comestibles
 c - 6 rations


   Skills:
 + Level 3.0 Fighting
 - Level 2.0 Dodging
 + Level 4.2 Unarmed Combat
 * Level 4.3 Spellcasting
 * Level 4.6 Transmutations


You had 4 spell levels left.
You knew the following spells:

 Your Spells              Type           Power        Failure   Level  Hunger
a - Beastly Appendage     Tmut           ###...       8%          1    None
b - Sticks to Snakes      Tmut           ###.....     11%         2    ##.....
c - Spider Form           Tmut/Pois      ##........   36%         3    ###....
d - Ice Form              Ice/Tmut       ##......     71%         4    ####...

Your spell library contained the following spells:

 Spells                   Type           Power        Failure   Level  Hunger
 Blade Hands              Tmut           ###.......   71%         5    ######.


Dungeon Overview and Level Annotations

Branches:
Dungeon (5/15)             Temple (1/1) D:4

Altars:
Dithmenos
Elyvilon
Fedhas
Gozag
Hepliaklqana
Kikubaaqudgha
Okawaru
Qazlal
Ru
Sif Muna
Trog
Yredelemnul
The Shining One


Innate Abilities, Weirdness & Mutations

You cannot wear most types of armour.
You are very stealthy in the water. (Stealth+)
((You are amphibious.))
You can wear up to eight rings at the same time.
((You can use your tentacles to constrict eight enemies at once.))
((Your skin changes colour to match your surroundings (Stealth+).))
((Your rubbery body absorbs attacks. (AC +1, EV +1)))


Message History

You are feeling hungry.
You catch the helpless water moccasin completely off-guard!
You hit the water moccasin.
The water moccasin is heavily wounded.
Your transformation is almost over.
The water moccasin completely misses you.
You barely miss the water moccasin.
The water moccasin is heavily wounded.
The water moccasin closely misses you.
You strike the helpless water moccasin from behind!
You bite the water moccasin!
The water moccasin is almost dead.
The water moccasin completely misses you.
You hit the water moccasin but do no damage.
The water moccasin is almost dead.
The water moccasin misses you.
You hit the water moccasin.
The water moccasin is almost dead.
The water moccasin bites you!
You die...

######### #####........
#>.sSh.......
####.###........
###########..#.# #........
#............#.# #.......$
#............#.###........
#............#............
#...........##.###........
#...........##.# #........
#..............#


You could see a water moccasin and a jackal.

Vanquished Creatures
  A hungry ghost (D:7)
  A crimson imp (D:7)
  A howler monkey (D:4)
  An orc priest (D:4)
  An iguana (D:4)
  Natasha (thrice) (D:2)
  4 gnolls (D:3)
  6 adders
  2 oozes (D:1)
  A dart slug (D:1)
  4 leopard geckos
  8 orcs
  7 bats
  3 giant cockroaches
  5 goblins
  5 hobgoblins
  9 jackals
  9 kobolds
  A quokka (D:4)
  A ball python (D:3)
  4 frilled lizards
  5 rats
82 creatures vanquished.

Vanquished Creatures (collateral kills)
  2 worker ants (D:4)
  An adder (D:4)
  A jackal (D:7)
4 creatures vanquished.

Grand Total: 86 creatures vanquished

Notes
Turn   | Place    | Note
-------+----------+-------------------------------------------
     0 | D:1      | mortelune the Octopode Transmuter began the quest for the
                  | Orb.
     0 | D:1      | Reached XP level 1. HP: 13/13 MP: 3/3
    86 | D:1      | Reached XP level 2. HP: 13/18 MP: 3/5
    90 | D:1      | Learned a level 2 spell: Sticks to Snakes
   967 | D:1      | Reached XP level 3. HP: 16/23 MP: 6/6
  1164 | D:1      | Learned a level 3 spell: Spider Form
  1910 | D:2      | Found an opulent altar of Gozag.
  1919 | D:2      | Noticed Natasha
  2087 | D:2      | Killed Natasha
  2087 | D:2      | Reached XP level 4. HP: 13/29 MP: 3/8
  2468 | D:2      | Noticed Natasha
  2476 | D:2      | Killed Natasha
  2590 | D:2      | Found a blossoming altar of Fedhas.
  2592 | D:2      | Found a stormy altar of Qazlal.
  2780 | D:2      | Noticed Natasha
  2797 | D:2      | Killed Natasha
  2797 | D:2      | Reached XP level 5. HP: 10/34 MP: 6/9
  3812 | D:3      | Learned a level 4 spell: Ice Form
  4179 | D:4      | Noticed a phantom
  4341 | D:4      | Reached XP level 6. HP: 37/41 MP: 5/11
  4409 | D:4      | Found Ruifixim's Jewellery Boutique.
  4917 | D:4      | Found a white marble altar of Elyvilon.
  5038 | D:4      | Found a staircase to the Ecumenical Temple.
  5507 | Temple   | Entered the Ecumenical Temple
  5893 | D:5      | Entered Level 5 of the Dungeon
  5898 | D:5      | Noticed a phantom
  6099 | D:5      | You fall into a shaft and drop 2 floors!
  6158 | D:7      | Noticed a hungry ghost
  6205 | D:7      | Killed a hungry ghost
  6205 | D:7      | Reached XP level 7. HP: 27/46 MP: 12/13
  6241 | D:7      | Slain by a water moccasin

Levels and vault maps discovered:
D:1:      lemuel_arrival_river_ford, layout_loops_ring, serial_forest,
          infiniplex_forest_straight_2, infiniplex_forest_lined_2,
          infiniplex_forest_end_3, infiniplex_forest_clump_large,
          infiniplex_forest_clump_cross, infiniplex_forest_lined_3_way
D:2:      layout_loops_ring, grunt_temple_overflow_forces_of_nature,
          first_ration, grunt_gozag_statues, uniq_crazy_yiuf_cottage,
          uniq_natasha
D:3:      layout_loops_ring
D:4:      layout_rooms, elyvilon_altar_5, minmay_temple_entry_mini_moons,
          serial_shops, shop
D:5:      layout_rooms, nicolae_overflow_hidden_temple, serial_shops,
          nicolae_shop_overgrown_old_shop, grunt_dithmenos_shadows
D:7:      layout_basic, overflow_temple_1_default,
          eat_drink_and_be_merry_uskayaw, gammafunk_ghost_gnarly_gnolls
Temple:   jpeg_temple_island

Skill      XL: |  1  2  3  4  5  6 |
---------------+-------------------+-----
Transmutations | 3 4 |  4.6
Fighting       | 2 3 |  3.0
Spellcasting   | 3 4 |  4.3
Unarmed Combat | 4 |  4.2
Dodging        | |  2.0

Action                   |  1- 3 |  4- 6 |  7- 9 || total
-------------------------+-------+-------+-------++-------
Melee: Unarmed           |    69 |   170 |    33 ||   272
       Constrict         |    15 |    28 |     1 ||    44
       Tentacles         |     7 |    17 |       ||    24
       Kick              |     3 |     6 |       ||     9
       Punch             |     1 |     3 |       ||     4
Throw: Stone             |     5 |    21 |       ||    26
 Cast: Beastly Appendage |     5 |    12 |       ||    17
       Spider Form       |     1 |    12 |     1 ||    14
       Sticks to Snakes  |       |    12 |       ||    12
  Use: Scroll            |       |    17 |       ||    17
       Potion            |       |       |     2 ||     2
 Stab: Sleeping          |     4 |     4 |       ||     8
       Invisible         |       |       |     2 ||     2
  Eat: Ration            |     1 |     3 |       ||     4
       Chunk             |       |     9 |       ||     9
Armor: Skin              |     9 |    11 |     3 ||    23
Dodge: Dodged            |    46 |   109 |    32 ||   187
